 Dungeon Crawl Stone Soup version 0.17.1-3-g152610e (webtiles) character file.

55 Gargoyl the Skirmisher (level 3, -8/29 HPs)
             Began as a Demonspawn Abyssal Knight on Feb 25, 2016.
             Was a Follower of Lugonu.
             Killed by nerve-wracking pain
             ... invoked by Jessica
              (14 damage)
             ... on level 2 of the Dungeon.
             The game lasted 00:04:18 (1543 turns).

Gargoyl the Skirmisher (Demonspawn Abyssal Knight)  Turns: 1543, Time: 00:04:18

Health: -8/29      AC: 15    Str: 13      XL:     3   Next: 67%
Magic:  5/5        EV:  6    Int: 11 (13) God:    Lugonu [*.....]
Gold:   86         SH:  0    Dex: 11      Spells: 0 memorised, 2 levels left

rFire  . . .     SeeInvis .     a - +1 hand axe
rCold  . . .     Clarity  .     i - +3 chain mail
rNeg   . . .     SustAt   .     (no shield)
rPois  .         Gourm    .     (helmet restricted)
rElec  .         Spirit   .     (no cloak)
rCorr  .         Warding  .     (no gloves)
rMut   .         Stasis   .     (no boots)
MR     .....                    (no amulet)
Stlth  ..........               (no ring)
                                (no ring)

@: slowed, very slow, not resistant to hostile enchantments, extremely
unstealthy
A: antennae 1, rough black scales 1
a: Depart the Abyss, Renounce Religion


You were on level 2 of the Dungeon.
You worshipped Lugonu.
Lugonu was aware of your devotion.
You were not hungry.

You visited 1 branch of the dungeon, and saw 2 of its levels.
You visited the Abyss 1 time.

You collected 86 gold pieces.

Inventory:

Hand Weapons
 a - a +1 hand axe (weapon)
Armour
 i - a +3 chain mail (worn)
Jewellery
 e - an uncursed ring of teleportation
Scrolls
 f - 3 scrolls of identify
Comestibles
 b - 2 chunks of flesh
 c - a bread ration
 l - 2 meat rations


   Skills:
 + Level 3.6 Fighting
 + Level 2.2 Axes
 + Level 2.5 Armour
 + Level 1.1 Dodging
 + Level 2.8 Invocations


You had 2 spell levels left.
You didn't know any spells.

Dungeon Overview and Level Annotations

Branches:
Dungeon (2/15)

Altars:

Annotations:
D:2 Jessica


Innate Abilities, Weirdness & Mutations

You have a pair of small antennae on your head.
You are partially covered in rough black scales (AC +4, Dex -1).


Message History

Jessica gestures wildly while chanting.
Jessica blinks!
Jessica zaps a wand.
The magic dart hits you!
Found a pink potion.
Jessica points at you and mumbles some strange words.
Pain shoots through your body!
* * * LOW HITPOINT WARNING * * *
You barely miss Jessica.
Jessica is moderately wounded.
Jessica gestures at you while chanting.
You barely resist.
Jessica zaps a wand.
The magic dart hits you!
You barely miss Jessica.
Jessica is moderately wounded.
Jessica points at you and mumbles some strange words.
You feel as though you will be slow longer.
You completely miss Jessica.
Jessica is moderately wounded.
Jessica gestures at you while chanting. Pain shoots through your body!
You die...

...# .....# ...# .<.# #.!..
... ...##.# #.... .. #
#..##.# #... { .######
#.#..##.# #..#.#####@......
#.#..##.#.# #..#......##
.....#.#.# #@.........#
####...#.#.# #@#######..#
.....>.#.#.# #.#...<..@.#
######.#.#.#####.#..###...#
#...<..#....##.#........#
#.######.##.##.##.####..#
#..)......#.##.# ...#
#######.....##.# #.##
########.#.####.# #.#
...........# #.# #.#


You could see Jessica.

Vanquished Creatures
  Terence (D:1)
  An ooze (D:1)
  2 giant geckos (D:1)
  2 giant cockroaches (D:1)
  2 goblins
  2 hobgoblins (D:1)
  4 kobolds (D:1)
  A bat (D:1)
  6 giant newts (D:1)
  5 rats (D:1)
26 creatures vanquished.

Notes
Turn   | Place    | Note
--------------------------------------------------------------
     0 | Abyss:1  | Gargoyl the Demonspawn Abyssal Knight began the quest for the Orb.
     0 | Abyss:1  | Reached XP level 1. HP: 18/18 MP: 2/2
    31 | Abyss:1  | Noticed a large abomination
    35 | Abyss:1  | Noticed a small abomination
    42 | D:1      | Escaped the Abyss
   233 | D:1      | Gained mutation: You have a pair of small antennae on your head. [demonic ancestry]
   233 | D:1      | Reached XP level 2. HP: 17/24 MP: 3/3
   247 | D:1      | Reached * piety under Lugonu
   988 | D:2      | Noticed Terence
   990 | D:2      | Noticed Jessica
  1140 | D:1      | Gained mutation: You are partially covered in rough black scales (AC +4, Dex -1). [demonic ancestry]
  1140 | D:1      | Reached XP level 3. HP: 4/29 MP: 1/5
  1447 | D:1      | Killed Terence
  1447 | D:1      | Reached skill level 1 in Dodging
  1543 | D:2      | Killed from afar by Jessica

Action                   || total
-------------------------++-------
Melee: Hand axe          ||   164
Invok: Depart the Abyss  ||     1
 Abil: Evoke Teleportati ||     1
  Use: Scroll            ||     5
       Potion            ||     4
  Eat: Royal jelly       ||     1
       Chunk             ||     1
